 Dungeon Crawl Stone Soup version 0.27-a0-972-gd1521fd518 (webtiles) character file.

Game seed: 13487027115881898939

5093 polve the Slicer (level 10, -5/71 HPs)
             Began as a Demonspawn Abyssal Knight on Apr 13, 2021.
             Was a High Priest of Lugonu.
             Killed from afar by a ynoxinul (29 damage)
             ... with an iron shot
             ... summoned by a kobold demonologist
             ... in a bailey.
             The game lasted 00:12:38 (13607 turns).

polve the Slicer (Demonspawn Abyssal Knight)       Turns: 13607, Time: 00:12:38

Health: -5/71      AC: 14    Str: 15    XL:     10   Next: 32%
Magic:  0/16       EV: 17    Int: 14    God:    Lugonu [*****.]
Gold:   161        SH:  0    Dex: 13    Spells: 9/9 levels left

rFire    . . .     SeeInvis +   b - +1 rapier (elec)
rCold    + . .     Faith    .   (no shield)
rNeg     + + .     Spirit   +   r - +1 ring mail "Zeom" {rC+ rN++ SInv}
rPois    .         Reflect  .   (helmet restricted)
rElec    .         Harm     .   (no cloak)
rCorr    .         Rampage  .   e - +0 pair of gloves
Will     .....                  (no boots)
Stlth    +.........             (no amulet)
HPRegen  0.21/turn              w - +4 ring of protection
MPRegen  0.30/turn              a - +4 ring of evasion

@: lethally poisoned (-5 -> -16), studying Unarmed Combat
A: horns 1, molten scales 1, magic shield, magic regeneration, beak, frail 1
a: Renounce Religion, Depart the Abyss, Bend Space, Banish, Corrupt, Enter the
Abyss


You were in a bailey.
You worshipped Lugonu.
Lugonu was extremely pleased with you.
You visited 1 branch of the dungeon, and saw 9 of its levels.
You visited the Abyss 1 time.
You also visited: Bailey.

You collected 385 gold pieces.
You spent 224 gold pieces at shops.

Inventory:

Hand Weapons
 b - a +1 rapier of electrocution (weapon)
Missiles
 n - 7 atropa-tipped darts
 z - 2 throwing nets
 B - a curare-tipped dart
Armour
 e - a +0 pair of gloves (worn)
 r - the +1 ring mail "Zeom" (worn) {rC+ rN++ SInv}
   (You found it on level 6 of the Dungeon)

   It protects you from cold.
   It greatly protects you from negative energy.
   It lets you see invisible.
Jewellery
 a - a +4 ring of evasion (right hand)
 q - a +6 ring of intelligence
 w - a +4 ring of protection (left hand)
 y - a ring of ice
Wands
 t - a wand of iceblast (14)
 u - a wand of flame (12)
 C - a wand of paralysis (14)
Scrolls
 d - 7 scrolls of identify {unknown}
 f - 3 scrolls of teleportation {unknown}
 h - a scroll of magic mapping {unknown}
 i - 2 scrolls of immolation {unknown}
 k - a scroll of acquirement {unknown}
 m - a scroll of silence {unknown}
 o - 2 scrolls of noise {unknown}
 p - 3 scrolls of blinking {unknown}
 s - 5 scrolls of vulnerability {unknown}
 v - a scroll of fear {unknown}
 A - a scroll of fog {unknown}
Potions
 c - a potion of magic
 g - a potion of flight {unknown}
 j - 2 potions of heal wounds
 l - 2 potions of curing
 x - a potion of brilliance {unknown}
 D - a potion of cancellation


   Skills:
 + Level 7.2 Fighting
 - Level 8.0 Short Blades
 + Level 6.2 Armour
 + Level 6.0 Dodging
 - Level 8.0 Invocations


You had 9 spell levels left.
You didn't know any spells.
Your spell library contained the following spells:

 Spells                   Type           Power      Damage    Failure   Level
 Summon Small Mammal      Summ           0%         N/A       45%         1
 Call Imp                 Summ           0%         N/A       61%         2
 Call Canine Familiar     Summ           0%         N/A       83%         3
 Confusing Touch          Hex            0%         N/A       83%         3
 Gell's Gravitas          Tloc           0%         N/A       83%         3
 Summon Guardian Golem    Hex/Summ       0%         N/A       83%         3
 Petrify                  Tmut/Erth      0%         N/A       99%         4
 Summon Ice Beast         Ice/Summ       0%         N/A       99%         4
 Summon Lightning Spire   Summ/Air       0%         N/A       99%         4
 Metabolic Englaciation   Hex/Ice        0%         N/A       100%        5
 Yara's Violent Unravell  Hex/Tmut       0%         3d3       100%        5


Dungeon Overview and Level Annotations

Branches:
Dungeon (9/15)             Temple (0/1) D:5          Bailey (1/1)
   Lair: D:8-11         Orc: D:9-12

Altars:
Cheibriados
Dithmenos
Makhleb
Trog
Uskayaw

Shops:
D:1 :[***   D:7 :(:(


Innate Abilities, Weirdness & Mutations

You have a pair of small horns on your head.
You are partially covered in molten scales. (AC +2)
When hurt, damage is shared between your health and your magic reserves.
You regenerate magic rapidly.
You have a beak for a mouth.
You are frail. (-10% HP)


Message History

The ufetubus misses you.
The ufetubus hits you but does no damage.
The crimson imp hits you but does no damage.
You barely miss the goblin. Your headbutt misses the goblin.
The goblin is heavily wounded.
You feel sick. The ufetubus misses you. x2
The goblin hits you but does no damage. x2; The red devil misses you.
The crimson imp hits you.
You puncture the goblin!
You kill the goblin!
Lugonu accepts your kill.
You feel sick. The ufetubus misses you. The ufetubus hits you.
The goblin hits you with a +0 hand axe.
You feel sick.
The kobold demonologist barely misses you.
The red devil hops backward while attacking.
The red devil barely misses you. The goblin hits you with a +0 hand axe.
Things that are here:
a +0 hand axe; a +0 leather armour; a goblin corpse You completely miss the kobold demonologist.
You feel sick.
The kobold demonologist gestures wildly while chanting.
The ynoxinul hits you.
The red devil hits you from afar with a +1 demon trident of venom!
You are more poisoned.
You hit the kobold demonologist but do no damage.
You feel very sick. The goblin misses you.
The kobold demonologist barely misses you.
The ynoxinul barely misses you. The crimson imp closely misses you.
The red devil closely misses you.
You puncture the kobold demonologist!
The kobold demonologist is moderately wounded.
You feel sick. The goblin hits you but does no damage.
The ufetubus hits you but does no damage.
The ufetubus barely misses you.
The kobold demonologist hits you with a +0 war axe.
The ynoxinul gestures at you. The iron shot hits you!!!
You die...

##### ....#
....
##########
##+#.........
+....5.4._...
#.8)5g3......
#...5@K......
#.8.#########
#.....#######
#.8...#.....#
#.....#.....#
####..#..⌠..#
#..'.....+
#..'))...+
#####')'#####


You could see a kobold demonologist, a ynoxinul (summoned), a red devil
(summoned), an iron imp (summoned), a crimson imp (summoned), an ufetubus
(summoned) and a goblin.

Vanquished Creatures
  A centaur zombie (D:8)
  Joseph (D:8)
  A kobold demonologist (Bailey)
  Prince Ribbit (D:8)
  A wyvern (D:9)
  A water moccasin (D:7)
  A sky beast (D:5)
  An orc warrior (D:7)
  An ice beast (D:8)
  A black bear (D:4)
  A necrophage (D:5)
  3 phantoms
  10 centaurs
  A kobold brigand (D:8)
  A bullfrog (D:7)
  A wyvern zombie (D:7)
  A gnoll sergeant (D:8)
  4 scorpions
  2 water moccasin skeletons
  5 killer bees (D:8)
  8 wights
  2 hounds
  A bullfrog skeleton (D:5)
  An orc priest (D:6)
  2 centaur skeletons (D:7)
  A gnoll shaman (D:5)
  3 jellies
  2 scorpion zombies (D:5)
  3 iguanas
  14 orc wizards
  A killer bee zombie (D:7)
  3 hound skeletons
  A howler monkey zombie (D:7)
  A howler monkey skeleton (D:7)
  11 gnolls
  4 adders
  A shadow imp (D:5)
  A white imp (D:8)
  2 worms (D:3)
  2 dart slugs
  19 orcs
  4 bats
  6 endoplasms
  5 giant cockroaches
  11 hobgoblins
  11 jackals
  5 quokkas
  3 ball pythons
  5 frilled lizards
  13 goblins
  14 kobolds
  11 rats
210 creatures vanquished.

Vanquished Creatures (others)
  A plant (D:1)
1 creature vanquished.

Grand Total: 211 creatures vanquished

Notes
Turn   | Place    | Note
-------+----------+-------------------------------------------
     0 | Abyss:1  | polve the Demonspawn Abyssal Knight began the quest for the
                  | Orb.
     0 | Abyss:1  | Reached XP level 1. HP: 18/18 MP: 2/2
   105 | Abyss:2  | Noticed an apocalypse crab
   106 | D:1      | Escaped the Abyss
   192 | D:1      | Reached * piety under Lugonu
   301 | D:1      | Found Muotas's Book Boutique.
   450 | D:1      | Gained mutation: You are partially covered in molten
                  | scales. (AC +2) [demonic ancestry]
   450 | D:1      | Reached XP level 2. HP: 6/24 MP: 3/3
   938 | D:1      | Found Gelidudo's Antique Armour Shop.
  1054 | D:1      | Found Umotixz Mucu's General Store.
  1122 | D:1      | Gained mutation: You regenerate magic rapidly. [demonic
                  | ancestry]
  1122 | D:1      | Reached XP level 3. HP: 21/29 MP: 4/4
  1215 | D:1      | Found Poduqus's Assorted Antiques.
  1423 | D:1      | Found a faded altar of an unknown god.
  1463 | D:1      | Found Wair's Assorted Antiques.
  1677 | D:2      | Reached ** piety under Lugonu
  1690 | D:2      | Found a hide-covered altar of Uskayaw.
  2620 | D:3      | Reached XP level 4. HP: 35/35 MP: 5/5
  3066 | D:3      | Found a snail-covered altar of Cheibriados.
  3238 | D:3      | Found a bloodstained altar of Trog.
  4115 | D:3      | Gained mutation: When hurt, damage is shared between your
                  | health and your magic reserves. [demonic ancestry]
  4115 | D:3      | Reached XP level 5. HP: 19/41 MP: 6/6
  4171 | D:3      | Reached skill level 5 in Short Blades
  4796 | D:3      | Reached XP level 6. HP: 35/47 MP: 7/7
  4918 | D:4      | Reached *** piety under Lugonu
  5047 | D:4      | Found a shadowy altar of Dithmenos.
  5961 | D:5      | Entered Level 5 of the Dungeon
  5974 | D:5      | Reached XP level 7. HP: 48/52 MP: 6/8
  6085 | D:5      | Gained mutation: You are frail. (-10% HP) [potion of
                  | mutation]
  6085 | D:5      | Gained mutation: You have a beak for a mouth. [potion of
                  | mutation]
  6335 | D:5      | Identified the +2 robe of Mipias {Regen+ Dex+7}
  6621 | D:5      | Reached skill level 5 in Invocations
  6621 | D:5      | Reached XP level 8. HP: 13/52 MP: 7/12
  7159 | D:5      | Found a burning altar of Makhleb.
  7166 | D:5      | Identified the +0 robe "Zawoix" {rC+}
  7502 | D:5      | Found a staircase to the Ecumenical Temple.
  8721 | D:6      | Identified the +1 ring mail "Zeom" {rC+ rN++ SInv}
  8997 | D:1      | Bought a runed rapier for 224 gold pieces
  9166 | D:7      | Reached skill level 1 in Dodging
  9312 | D:7      | Found Woikkof's Weapon Boutique.
  9366 | D:7      | Found Ygras's Book Boutique.
  9663 | D:7      | You fall into a shaft and drop 1 floor!
  9826 | D:8      | Identified the +0 pair of gloves of a ziggurat {-Tele Drain
                  | Regen+ Int+8}
 10171 | D:8      | Reached **** piety under Lugonu
 10172 | D:8      | Reached XP level 9. HP: 51/59 MP: 12/15
 10492 | D:7      | Found Poxurot's Weapon Shoppe.
 10515 | D:7      | Found Joobegec's Book Boutique.
 10943 | D:7      | Reached skill level 5 in Fighting
 11892 | D:8      | Reached skill level 5 in Armour
 12123 | D:8      | Reached skill level 5 in Dodging
 12233 | D:8      | Noticed Prince Ribbit
 12261 | D:8      | Killed Prince Ribbit
 12262 | D:8      | Gained mutation: You have a pair of small horns on your
                  | head. [demonic ancestry]
 12262 | D:8      | Reached XP level 10. HP: 62/69 MP: 14/16
 12300 | D:8      | Identified the +1 war axe of Balance {speed, rC- Str+2
                  | Int+2}
 12670 | D:8      | Noticed Joseph
 12681 | D:8      | Killed Joseph
 12998 | D:8      | Reached ***** piety under Lugonu
 13421 | D:9      | Found a flagged portal.
 13438 | Bailey   | Entered a bailey
 13580 | Bailey   | Found an iron altar of Okawaru.
 13607 | Bailey   | Killed from afar by a ynoxinul

Illustrated notes

Levels and vault maps discovered:
D:1:      co_arrival_random_square_maze, layout_loops_ring,
          shapermc_ecumenical_altar_mp_vishouse, serial_shops,
          nicolae_shop_overgrown_old_shop, shop, shop, shop, nicolae_shop_stone
D:2:      layout_loops_corners, basic_altar
D:3:      layout_loops_ring, trog_hazing_becter, slow_altar_2
D:4:      layout_rooms, nicolae_overflow_hidden_temple
D:5:      layout_basic, bloody_makhleb, minmay_temple_entry_hall,
          minmay_starry_boxes
D:6:      layout_gridville, nrook_mini_vaults
D:7:      layout_loops_ring, serial_shops, shop, shop, shop,
          nicolae_shop_window_shopping, centaur_isle
D:8:      minmay_flawed_box, layout_basic, minmay_misc_feat_secret_circle,
          minmay_manual_mares, uniq_joseph, uniq_prince_ribbit1
D:9:      layout_basic, kennysheep_mini, enter_bailey_2
Bailey:   bailey_axe_of_yendor_kennysheep, bailey

Skill      XL: |  1  2  3  4  5  6  7  8  9 10 |
---------------+-------------------------------+-----
Short Blades   | 2 3 4 5 7 8 |  8.0
Invocations    | 5 8 |  8.0
Dodging        | 3 5 6 |  6.0
Armour         | 3 5 6 |  6.2
Fighting       | 4 6 7 |  7.2

Action                   |  1- 3 |  4- 6 |  7- 9 | 10-12 || total
-------------------------+-------+-------+-------+-------++-------
Melee: Short sword       |   188 |   275 |   314 |       ||   777
       Peck              |       |       |    84 |    22 ||   106
       Rapier            |       |       |   195 |   119 ||   314
       Headbutt          |       |       |       |    14 ||    14
Invok: Depart the Abyss  |     1 |       |       |       ||     1
       Bend Space        |       |     1 |       |       ||     1
Evoke: Wand              |       |       |     9 |       ||     9
  Use: Potion            |       |     3 |     8 |       ||    11
Armor: Leather armour    |    17 |       |       |       ||    17
       Plate armour      |   112 |   229 |   170 |       ||   511
       Ring mail         |       |       |    99 |    53 ||   152
Dodge: Dodged            |    54 |    37 |   205 |   158 ||   454

Table legend: (Time is in decaauts)
 A = Elapsed time spent in this place.
 B = Non-inter-level travel time spent in this place.
 C = Inter-level travel time spent in this place.
 D = Time resting spent in this place.
 E = Time spent auto-exploring this place.
 F = Levels seen in this place.
 G = Mean time per level.
                   A        B        C        D        E       F      G
               +--------+--------+--------+--------+--------+-----+--------+
         Total |  13411 |  12713 |    698 |     50 |  10780 |  12 | 1117.6 |
       Dungeon |  13146 |  12448 |    698 |     50 |  10574 |   9 | 1460.7 |
         Abyss |    105 |    105 |      0 |      0 |     92 |   2 |   52.5 |
        Bailey |    159 |    159 |      0 |      0 |    114 |   1 |  159.0 |
               +--------+--------+--------+--------+--------+-----+--------+

Top non-repeatable levels by time:
     D:7: 2200 daAuts
     D:3: 2151 daAuts
     D:5: 2059 daAuts
     D:8: 1754 daAuts
     D:1: 1574 daAuts
     D:4: 1269 daAuts
     D:6: 1170 daAuts
     D:2: 951 daAuts
  Bailey: 159 daAuts
 Abyss:2: 61 daAuts
 Abyss:1: 44 daAuts
     D:9: 16 daAuts
